 Dungeon Crawl Stone Soup version 0.30-a0-223-gcb0039aa0c (webtiles) character file.

Game seed: 1052462862270038788

184 qw the Shield-Bearer (level 5, -4/32 HPs)
             Began as a Gargoyle Fighter on Oct 9, 2022.
             Slain by Duvessa
             ... wielding a +0 short sword
              (14 damage)
             ... on level 4 of the Dungeon.
             The game lasted 00:00:55 (2339 turns).

qw the Shield-Bearer (Gargoyle Fighter)             Turns: 2339, Time: 00:00:55

Health: -4/32      AC: 15    Str: 22    XL:     5   Next: 64%
Magic:  5/5        EV:  6    Int: 11    God:
Gold:   966        SH: 12    Dex:  9    Spells: 4/4 levels left

rFire   . . .      SeeInvis +    p - +3 broad axe (vamp)
rCold   . . .      Faith    .    i - +0 tower shield
rNeg    + . .      Spirit   .    b - +0 scale mail
rPois   inf        Reflect  .    o - +2 helmet {Int+3}
rElec   +          Harm     .    (no cloak)
rCorr   .          Rampage  .    (no gloves)
Will    .....                    k - +0 pair of boots
Stlth   ..........               (no amulet)
HPRegen 0.25/turn                h - ring of see invisible
MPRegen 0.09/turn                (no ring)

@: no status effects
A: sickness immunity, AC +4, negative energy resistance 1, electricity
resistance, torment resistance 1, petrification resistance
a: no special abilities


You were on level 4 of the Dungeon.
You visited 1 branch of the dungeon, and saw 4 of its levels.

You collected 966 gold pieces.


Innate Abilities, Weirdness & Mutations

You are immune to sickness and miasma.
Your stone body is resilient. (AC +4)
You are immune to poison.
You resist negative energy. (rN+)
You are resistant to electric shocks. (rElec)
You are resistant to unholy torment.
You are immune to petrification.


   Skills:
 - Level 3.2 Fighting
 - Level 3.4 Axes
 - Level 3.2 Armour
 + Level 5.6 Shields


You had 4 spell levels left.
You didn't know any spells.
Your spell library was empty.

Inventory:

Hand Weapons
 j - a +0 morningstar
 p - a +3 vampiric broad axe (weapon)
Armour
 b - a +0 scale mail (worn)
 c - the +1 pair of gloves of Autumn {+Blink Will- Str-3 SInv}
   (You acquired it on level 3 of the Dungeon)

   Str:       It affects your strength (-3).
   SInv:      It lets you see invisible.
   +Blink:    It lets you blink.
   Will:      It decreases your willpower.
 i - a +0 tower shield (worn)
 k - a +0 pair of boots (worn)
 o - a +2 helmet of intelligence (worn)
Jewellery
 h - a ring of see invisible (left hand)
Scrolls
 a - a scroll of identify
Potions
 d - a potion of might
 e - 3 potions of curing
 g - a potion of cancellation {unknown}
 l - a potion of ambrosia {unknown}
 m - 2 potions of heal wounds
 n - a potion of lignification {unknown}

Dungeon Overview and Level Annotations

Branches:
Dungeon (4/15)
 Temple: D:4-7

Altars:
Wu Jian

Annotations:
D:4 Duvessa


Message History

You block Duvessa's attack. Dowan completely misses you.
Duvessa hits you with a +0 short sword. You block Dowan's attack.
The goblin shoots a sling bullet.
The sling bullet hits you but does no damage.
You slash Dowan!
You feel better.
You kill Dowan!
Duvessa screams in rage.
Duvessa goes berserk!
You hit Duvessa. Duvessa hits you with a +0 short sword!
Duvessa hits you but does no damage.
The goblin shoots a sling bullet.
You block the sling bullet. Duvessa barely misses you.
The goblin shoots a sling bullet.
The sling bullet barely misses you.
You completely miss Duvessa.
Duvessa is heavily wounded.
Duvessa hits you but does no damage. You block Duvessa's attack.
The goblin shoots a sling bullet.
The sling bullet hits you but does no damage.
You barely miss Duvessa.
Duvessa is heavily wounded.
Duvessa hits you with a +0 short sword.
The goblin shoots a sling bullet.
You block the sling bullet. Duvessa completely misses you.
The goblin shoots a sling bullet.
The sling bullet hits you but does no damage.
Duvessa hits you but does no damage.
You hit Duvessa but do no damage.
Duvessa is heavily wounded.
Duvessa hits you but does no damage.
The goblin shoots a sling bullet.
You block the sling bullet. Duvessa barely misses you.
The goblin shoots a sling bullet.
You block the sling bullet. Duvessa hits you but does no damage.
You hit Duvessa but do no damage.
Duvessa is heavily wounded.
You block Duvessa's attack.
The goblin shoots a sling bullet.
The sling bullet hits you but does no damage.
You block Duvessa's attack.
The goblin shoots a sling bullet.
You block the sling bullet. Duvessa hits you with a +0 short sword!
You slash Duvessa!
Duvessa is severely wounded.
Duvessa hits you with a +0 short sword!
You die...

...# ...#
...# #..#
...# #
##...#...
###........
#.<@e......
#.....)......
#.....g......
##..........#
##.........#
#.........#
....#.....#
#....###.###


You could see Duvessa (berserk) and a goblin.

Vanquished Creatures
  A scorpion (D:3)
  Dowan (D:4)
  2 adders
  3 dart slugs
  2 orcs (D:3)
  6 endoplasms
  2 giant cockroaches
  4 hobgoblins (D:3)
  6 kobolds
  5 quokkas
  6 ball pythons
  2 bats (D:1)
  5 frilled lizards (D:1)
  6 goblins
  2 rats
53 creatures vanquished.

Notes
Turn   | Place    | Note
-------+----------+-------------------------------------------
     0 | D:1      | qw the Gargoyle Fighter began the quest for the Orb.
     0 | D:1      | Reached XP level 1. HP: 14/14 MP: 1/1
     0 | D:1      | 0 ||| qw: Version: 0.2-a-17-g06abaee
     0 | D:1      | 0 ||| qw: Game counter: 2223
     0 | D:1      | 0 ||| qw: Always use a shield: true
     0 | D:1      | 0 ||| qw: God list: Okawaru
     0 | D:1      | 0 ||| qw: Allow faded altars: false
     0 | D:1      | 0 ||| qw: Do Orc after D:15 true
     0 | D:1      | 0 ||| qw: Do second Lair branch before Depths: true
     0 | D:1      | 0 ||| qw: Lair rune preference: random
     0 | D:1      | 0 ||| qw: Plans: Normal, Zot:1-4, God:TSO, Crypt, Tomb,
                  | Pan, Slime:5, Hells, Abyss, Orb
     0 | D:1      | 0 ||| PLANNING D:1-11
    43 | D:1      | 43 ||| Stepping ~*~*~tactically~*~*~ (stealth).
   129 | D:1      | Reached XP level 2. HP: 19/19 MP: 2/2
   372 | D:1      | 372 ||| Stepping ~*~*~tactically~*~*~ (stealth).
   497 | D:1      | 497 ||| Stepping ~*~*~tactically~*~*~ (stealth).
   575 | D:1      | Reached skill level 3 in Axes
   709 | D:1      | Reached XP level 3. HP: 23/23 MP: 3/3
   760 | D:1      | 760 ||| READING 4 scrolls labelled CIEHIF BEYNA.
   761 | D:1      | 761 ||| READING scroll labelled ZOUCAH JAWYAPN.
   762 | D:1      | 762 ||| READING scroll labelled BENISKA METIB.
   763 | D:1      | 763 ||| READING scroll labelled MIYPSYA XITA.
   764 | D:1      | 764 ||| READING scroll labelled ZAVVOE CYEHOS.
   765 | D:1      | 765 ||| READING scroll labelled ZUIFFU XETEIMP.
   766 | D:1      | 766 ||| READING 3 scrolls of identify.
   766 | D:1      | 766 ||| IDENTIFYING green potion
   767 | D:1      | 767 ||| READING 2 scrolls of identify.
   767 | D:1      | 767 ||| IDENTIFYING silvery potion
   768 | D:1      | 768 ||| DROPPING potion of degeneration.
   968 | D:2      | Found a faded altar of an unknown god.
  1101 | D:2      | Found an ornate altar of the Wu Jian Council.
  1379 | D:2      | 1379 ||| UPGRADING to +0 tower shield.
  1389 | D:2      | 1389 ||| DROPPING +0 buckler.
  1390 | D:2      | 1390 ||| UPGRADING to +0 pair of boots.
  1395 | D:2      | 1395 ||| UPGRADING to ring of see invisible.
  1396 | D:2      | 1396 ||| READING scroll labelled OGUOCY INUNAE.
  1397 | D:2      | 1397 ||| READING scroll labelled AHIOZ TYSAYQ.
  1398 | D:2      | 1398 ||| DRINKING 2 brown potions.
  1399 | D:2      | 1399 ||| READING 2 scrolls of identify.
  1399 | D:2      | 1399 ||| IDENTIFYING purple potion
  1400 | D:2      | 1400 ||| DROPPING potion of berserk rage.
  1424 | D:3      | 1424 ||| Stepping ~*~*~tactically~*~*~ (stealth).
  1461 | D:3      | Noticed a scorpion
  1464 | D:3      | Killed a scorpion
  1465 | D:3      | Reached skill level 4 in Shields
  1465 | D:3      | Reached XP level 4. HP: 24/28 MP: 4/4
  1560 | D:3      | 1560 ||| Stepping ~*~*~tactically~*~*~ (hiding).
  1725 | D:3      | 1725 ||| DROPPING +0 whip.
  1762 | D:3      | 1762 ||| Stepping ~*~*~tactically~*~*~ (hiding).
  1765 | D:3      | 1765 ||| Stepping ~*~*~tactically~*~*~ (hiding).
  1772 | D:3      | Reached XP level 5. HP: 32/32 MP: 5/5
  2107 | D:3      | Reached skill level 5 in Shields
  2149 | D:3      | 2149 ||| READING scroll of enchant weapon.
  2149 | D:3      | 2149 ||| ENCHANTING +1 war axe.
  2248 | D:3      | 2248 ||| Stepping ~*~*~tactically~*~*~ (stealth).
  2249 | D:3      | 2249 ||| Stepping ~*~*~tactically~*~*~ (stealth).
  2266 | D:3      | 2266 ||| READING 4 scrolls labelled NEIJUZ BOBB.
  2266 | D:3      | Identified 4 scrolls of acquirement
  2266 | D:3      | 2266 ||| ACQUIRING +2 helmet of intelligence
  2266 | D:3      | Acquired a +2 helmet of intelligence
  2268 | D:3      | 2268 ||| UPGRADING to +2 helmet of intelligence.
  2273 | D:3      | 2273 ||| READING 3 scrolls of acquirement.
  2273 | D:3      | 2273 ||| ACQUIRING 778 gold pieces
  2273 | D:3      | Acquired 778 gold pieces
  2275 | D:3      | 2275 ||| READING 2 scrolls of acquirement.
  2275 | D:3      | 2275 ||| ACQUIRING +3 vampiric broad axe
  2275 | D:3      | Acquired a +3 vampiric broad axe
  2277 | D:3      | 2277 ||| SWAPPING to +3 vampiric broad axe.
  2278 | D:3      | 2278 ||| DROPPING +2 war axe.
  2279 | D:3      | 2279 ||| READING scroll of acquirement.
  2279 | D:3      | 2279 ||| ACQUIRING +1 pair of gloves of Autumn {+Blink
                  | Will- Str-3 SInv}
  2279 | D:3      | Acquired the +1 pair of gloves of Autumn {+Blink Will-
                  | Str-3 SInv}
  2281 | D:3      | 2281 ||| READING scroll labelled QAGEAN PEOMIH.
  2328 | D:4      | Noticed Duvessa
  2328 | D:4      | Noticed Dowan
  2334 | D:4      | Killed Dowan
  2339 | D:4      | Slain by Duvessa

Levels and vault maps discovered:
D:1:      mainiacjoe_arrival_reflecting_pool, layout_basic, minmay_quantized
D:2:      layout_loops_cross, chequers_ecumenical_altar_island, basic_altar
D:3:      layout_loops_cross, minivault_5
D:4:      layout_cave_pods, uniq_menkaure, uniq_duvessa

Skill      XL: |  1  2  3  4  5 |
---------------+----------------+-----
Axes           | 2 3 |  3.4
Shields        | 4 5 |  5.6
Fighting       | |  3.2
Armour         | |  3.2

Action                   |  1- 3 |  4- 6 || total
-------------------------+-------+-------++-------
Melee: War axe           |    89 |    33 ||   122
       Broad axe         |       |    10 ||    10
  Use: Scroll            |    11 |     6 ||    17
       Potion            |     1 |       ||     1
Armor: Scale mail        |    49 |    22 ||    71
Dodge: Dodged            |    27 |     9 ||    36
Block: Buckler           |    13 |       ||    13
       Tower shield      |     7 |    31 ||    38

Table legend:
 A = Non-vault XP
 B = Vault XP
 C = Vault XP percentage of total XP
 D = Non-vault monster count
 E = Vault monster count
 F = Vault count percentage of total count
                 A         B        C        D         E       F
            +---------+---------+-------+---------+---------+-------
      Total |     191 |      73 |  27.7 |      49 |       4 |   7.5
            +---------+---------+-------+---------+---------+-------
        D:1 |      31 |       4 |  11.4 |      20 |       3 |  13.0
        D:2 |      25 |       0 |   0.0 |       8 |       0 |   0.0
        D:3 |     135 |       0 |   0.0 |      21 |       0 |   0.0
        D:4 |       0 |      69 | 100.0 |       0 |       1 | 100.0
            +---------+---------+-------+---------+---------+-------
